 Dungeon Crawl Stone Soup version 0.23-a0-690-g0a1fc62c7c (webtiles) character file.

18470 LLavrengius the Slicer (level 12, 0/89 HPs)
             Began as an Octopode Fighter on Jan 11, 2019.
             Was an Initiate of Gozag.
             Splashed by a brown ugly thing's acid (6 damage)
             ... on level 12 of the Dungeon.
             The game lasted 00:56:37 (15622 turns).

LLavrengius the Slicer (Octopode Fighter)          Turns: 15622, Time: 00:56:39

Health: 0/89       AC: -1    Str: 20    XL:     12   Next: 58%
Magic:  24/24      EV: 19    Int: 17    God:    Gozag
Gold:   785        SH: 11    Dex: 19    Spells: 15/16 levels left

rFire    . . .     SeeInvis +   p - +2 short sword (elec)
rCold    . . .     Gourm    .   b - +0 shield
rNeg     . . .     Faith    .   (helmet restricted)
rPois    +         Spirit   .   (no amulet)
rElec    .         Reflect  .   e - ring of magical power
rCorr    .         Harm     .   t - ring of stealth
MR       +....                  D - ring "Zeghe" {rF- Str+4 Dex+5 SInv}
Stlth    ++++++....             C - +2 ring of dexterity
HPRegen  0.24/turn              Z - ring of protection from fire
MPRegen  0.19/turn              G - ring of protection from magic (curse)
                                a - +3 ring of intelligence
                                S - ring of poison resistance

@: corroded
A: almost no armour, stealthy swim, amphibious, 8 rings, constrict 8, thin
metallic scales 1, camouflage 1, blurry vision 1, gelatinous body 1
a: Potion Petition, Call Merchant, Bribe Branch, Renounce Religion


You were on level 12 of the Dungeon.
You worshipped Gozag.
Gozag was pleased with you.
You were not hungry.

You visited 2 branches of the dungeon, and saw 13 of its levels.
You also visited: Bailey.

You collected 2491 gold pieces.
You spent 1643 gold pieces at shops.
You paid 63 gold pieces to Gozag.

Inventory:

Hand Weapons
 p - a +2 short sword of electrocution (weapon)
 H - a +0 short sword of holy wrath
 I - a +2 dagger of freezing
 P - a +0 blowgun
 Q - a +1 short sword of speed
 X - a +2 scimitar of electrocution
Missiles
 N - 6 tomahawks (quivered)
 R - 28 poisoned needles
Armour
 b - a +0 shield (worn)
Jewellery
 a - a +3 ring of intelligence (on tentacle)
 e - a ring of magical power (left tentacle)
 l - an uncursed ring of flight
 t - a ring of stealth (right tentacle)
 C - a +2 ring of dexterity (on tentacle)
 D - the ring "Zeghe" (on tentacle) {rF- Str+4 Dex+5 SInv}
   (You bought it in a shop on level 7 of the Dungeon)

   [ring of dexterity]

   It affects your strength (+4).
   It affects your dexterity (+5).
   It makes you vulnerable to fire.
   It lets you see invisible.
 G - a cursed ring of protection from magic (on tentacle)
 S - a ring of poison resistance (on tentacle)
 Z - a ring of protection from fire (on tentacle)
Wands
 w - a wand of iceblast (30)
 E - a wand of enslavement (6)
 F - a wand of digging (6)
 L - a wand of random effects (18)
 U - a wand of acid (4)
Scrolls
 c - a scroll of identify
 g - 3 scrolls of fog {unknown}
 h - a scroll of magic mapping
 i - a scroll of acquirement
 n - 2 scrolls of fear {unknown}
 o - 2 scrolls of blinking {unknown}
 q - 2 scrolls of teleportation
 r - 4 scrolls of amnesia
 v - 2 scrolls of holy word {unknown}
 y - 3 scrolls of silence {unknown}
 B - a scroll of summoning {unknown}
 K - a scroll of enchant weapon {unknown}
 M - 2 scrolls of remove curse
 O - a scroll of enchant armour {unknown}
 Y - a scroll of immolation {unknown}
Potions
 f - 4 potions of lignification
 j - 3 potions of brilliance
 k - 5 potions of flight
 m - 3 potions of agility
 A - 2 potions of curing
 J - a potion of mutation
 V - 3 potions of might
 W - 2 potions of resistance
Miscellaneous
 T - a fan of gales
Comestibles
 d - 10 rations


   Skills:
 + Level 10.6 Fighting
 - Level 12.0 Short Blades
 - Level 9.0 Dodging
 - Level 8.0 Stealth
 + Level 6.0 Shields
 + Level 2.6 Spellcasting
 - Level 4.0 Transmutations
 - Level 4.0 Evocations


You had 15 spell levels left.
You knew the following spells:

 Your Spells              Type           Power        Failure   Level  Hunger
a - Beastly Appendage     Tmut           ###...       11%         1    #......

Your spell library contained the following spells:

 Spells                   Type           Power        Failure   Level  Hunger
 Sticks to Snakes         Tmut           ###.....     17%         2    ##.....
 Passwall                 Tmut/Erth      #.......     36%         2    ##.....
 Animate Skeleton         Necr           N/A          52%         1    #......
 Pain                     Necr           #...         52%         1    #......
 Sandblast                Erth           #.....       52%         1    #......
 Spider Form              Tmut/Pois      #.........   58%         3    ###....
 Regeneration             Chrm/Necr      #.........   87%         3    ###....
 Stone Arrow              Conj/Erth      #.....       87%         3    ###....
 Vampiric Draining        Necr           #.........   87%         3    ###....
 Ice Form                 Ice/Tmut       #.......     94%         4    #####..
 Petrify                  Tmut/Erth      #.......     94%         4    #####..
 Blade Hands              Tmut           ###.......   97%         5    ######.
 Animate Dead             Necr           N/A          99%         4    #####..
 Lee's Rapid Deconstruct  Erth           #.........   100%        5    ######.


Dungeon Overview and Level Annotations

Branches:
Dungeon (12/15)            Temple (1/1) D:5            Lair (0/6) D:9
    Orc (0/2) D:11

Altars:
Dithmenos
Elyvilon
Fedhas
Gozag
Hepliaklqana
Kikubaaqudgha
Nemelex Xobeh
Okawaru
Qazlal
Ru
Trog
Uskayaw
Vehumet
Wu Jian
Xom
Yredelemnul
Zin
The Shining One
Beogh

Shops:
D:7 ![:=   D:8 =   D:10 }   D:11 %

Annotations:
D:8 2 transporters, 3 runed doors, syranez's ghost, novice TeAs
D:10 1 runed door, dadf's ghost, journeyman DrBe
D:12 Fannar


Innate Abilities, Weirdness & Mutations

You cannot wear most types of armour.
You are very stealthy in the water. (Stealth+)
You are amphibious.
You can wear up to eight rings at the same time.
You can use your tentacles to constrict eight enemies at once.
Your skin changes colour to match your surroundings (Stealth+).
Your rubbery body absorbs attacks. (AC +1, EV +1)
You are partially covered in thin metallic scales. (AC +2)
Scrolls take you a little longer to read.


Message History

You constrict the brown ugly thing. The brown ugly thing headbutts you!
* * * LOW HITPOINT WARNING * * *
The acid corrodes you!
You are splashed with acid!
The acid burns!
* * * LOW HITPOINT WARNING * * *
You completely miss the brown ugly thing.
The brown ugly thing is severely wounded.
You constrict the brown ugly thing.
You hit the brown ugly thing but do no damage.
You squeeze the brown ugly thing, but do no damage.
The brown ugly thing is severely wounded.
You constrict the brown ugly thing.
You block the brown ugly thing's attack.
Really read with blurry vision while enemies are nearby?
You constrict the brown ugly thing.
Magic restored.
You begin reading the scroll.
You continue reading the scroll.
You constrict the brown ugly thing. The brown ugly thing headbutts you!
* * * LOW HITPOINT WARNING * * *
The acid corrodes you!
You are splashed with acid!
The acid burns!
You die...
Your body crumbles into a pile of gold.

....############'##.#............
....#.......(.(...#.#............
....+.........(...#.#...#####....
....#.............'.....# #....
....#......((>....#.....# +....
....#......))##...#.....# #+###
)...#........##...#.....#
..((#...##...##..#########
###.'...##...##.@#........
#######.#........uY.......
≈≈≈§§≈#.#........#u.......
≈..≈§≈#.#........#...#####
#.##≈≈#.#........#...#
.#.#§§#.#........#...#
#.#..≈#.#........#...#
##.#≈≈#.#....#####u..# ≈§.§§≈#
... ....# $


You could see 2 ugly things and an ice beast.

Vanquished Creatures
  Erica (D:8)
  5 two-headed ogres
  An unseen horror (D:11)
  4 orc knights (Bailey)
  2 orc sorcerers (Bailey)
  2 ugly things
  2 cyclopes (D:11)
  Maurice (D:8)
  A gargoyle (D:12)
  A komodo dragon (D:12)
  2 trolls
  4 hornets
  Grinder (D:4)
  A hippogriff (D:11)
  A yak (D:7)
  A human (D:7)
  3 hogs (D:7)
  2 acid dragons
  3 wargs (D:9)
  A water moccasin (D:9)
  2 eyes of draining
  A black bear (D:7)
  2 ice beasts
  5 sky beasts
  11 orc warriors
  2 phantoms
  6 ogres
  5 centaurs
  A crocodile (D:11)
  2 big kobolds
  3 bullfrogs
  A wyvern zombie (D:7)
  A water moccasin skeleton (D:8)
  3 scorpions
  7 wights
  7 killer bees
  4 howler monkeys
  5 electric eels (Bailey)
  A crimson imp (D:9)
  4 bullfrog zombies
  A bullfrog skeleton (D:11)
  8 orc priests
  4 hounds
  5 jellies
  3 centaur skeletons
  3 iguanas
  5 worker ants
  11 orc wizards
  A hound skeleton (D:11)
  10 gnolls
  12 adders
  A shadow imp (D:9)
  An ooze (D:5)
  An adder skeleton (D:4)
  2 adder zombies
  3 worms
  6 leopard geckos
  38 orcs
  8 giant cockroaches
  13 goblins
  15 hobgoblins
  13 jackals
  8 quokkas
  A ball python (D:1)
  8 bats
  7 frilled lizards
  20 kobolds
  A leopard gecko zombie (D:7)
  3 rats
324 creatures vanquished.

Vanquished Creatures (others)
  An orc wizard (D:9)
1 creature vanquished.

Grand Total: 325 creatures vanquished

Notes
Turn   | Place    | Note
-------+----------+-------------------------------------------
     0 | D:1      | LLavrengius the Octopode Fighter began the quest for the
                  | Orb.
     0 | D:1      | Reached XP level 1. HP: 16/16 MP: 1/1
   103 | D:1      | Reached skill level 1 in Stealth
   261 | D:1      | Reached XP level 2. HP: 21/21 MP: 2/2
   516 | D:2      | Reached XP level 3. HP: 26/26 MP: 3/3
   835 | D:2      | Reached skill level 3 in Short Blades
   929 | D:2      | Found a sparkling altar of Nemelex Xobeh.
  1354 | D:2      | Reached XP level 4. HP: 29/31 MP: 4/4
  1939 | D:3      | Reached XP level 5. HP: 16/36 MP: 5/5
  2149 | D:3      | Found a white marble altar of Elyvilon.
  2155 | D:3      | Reached skill level 4 in Short Blades
  2427 | D:3      | Reached skill level 5 in Stealth
  2645 | D:5      | Entered Level 5 of the Dungeon
  2647 | D:5      | Found a staircase to the Ecumenical Temple.
  2657 | D:5      | Found a glowing silver altar of Zin.
  2666 | Temple   | Entered the Ecumenical Temple
  2748 | Temple   | Became a worshipper of Gozag Ym Sagoz the Greedy
  2863 | D:4      | Noticed an ogre
  2870 | D:4      | Killed an ogre
  2870 | D:4      | Reached skill level 5 in Short Blades
  2870 | D:4      | Reached XP level 6. HP: 20/42 MP: 6/6
  3247 | D:4      | Noticed Grinder
  3255 | D:4      | Killed Grinder
  3255 | D:4      | Reached skill level 6 in Short Blades
  3255 | D:4      | Reached XP level 7. HP: 46/46 MP: 7/7
  3358 | D:4      | Reached skill level 7 in Short Blades
  4241 | D:5      | Reached skill level 8 in Short Blades
  4286 | D:5      | Reached XP level 8. HP: 43/52 MP: 8/8
  4980 | D:6      | Reached skill level 9 in Short Blades
  5453 | D:7      | Found Nietareg's Armour Shoppe.
  5666 | D:7      | Found Qeawiu's Book Emporium.
  5834 | D:7      | Found Doxtaexo's Distillery.
  5840 | D:7      | Bought a potion of agility for 44 gold pieces
  5840 | D:7      | Bought a potion of degeneration for 11 gold pieces
  5967 | D:7      | Reached XP level 9. HP: 30/58 MP: 9/9
  6168 | D:7      | Reached skill level 10 in Short Blades
  6187 | D:7      | Reached skill level 5 in Fighting
  6441 | D:7      | Found a shadowy altar of Dithmenos.
  6886 | D:7      | Reached skill level 1 in Spellcasting
  6887 | D:7      | Found Raareudgh's Jewellery Shop.
  7581 | D:7      | Bought the ring "Zeghe" {rF- Str+4 Dex+5 SInv} for 645 gold
                  | pieces
  7632 | D:8      | Reached skill level 1 in Evocations
  7699 | D:8      | Noticed Maurice
  7727 | D:8      | Killed Maurice
  7727 | D:8      | Reached XP level 10. HP: 63/68 MP: 11/11
  7802 | D:8      | Noticed Erica
  7809 | D:8      | Killed Erica
  7809 | D:8      | Reached skill level 5 in Dodging
  7857 | D:8      | Found a transporter.
  8104 | D:8      | Found a runed gate.
  8104 | D:8      | Found a runed gate.
  8104 | D:8      | Found a runed gate.
  8115 | D:8      | Noticed syranez's ghost (novice TeAs)
  8153 | D:8      | Found a transporter.
  8446 | D:8      | Found Hitralumo's Jewellery Boutique.
  9069 | D:9      | Found a staircase to the Lair.
  9484 | D:9      | Noticed a cyan ugly thing
  9497 | D:9      | Killed a cyan ugly thing
 10060 | D:10     | Entered Level 10 of the Dungeon
 10069 | D:10     | Noticed dadf's ghost (journeyman DrBe)
 10076 | D:10     | Found a runed door.
 10114 | D:10     | Found Lossi's Gadget Shoppe.
 10138 | D:10     | Bought a wand of acid (4) for 208 gold pieces
 10158 | D:10     | Found a flagged portal.
 10166 | D:10     | Reached XP level 11. HP: 77/77 MP: 14/14
 10185 | D:10     | Reached skill level 11 in Short Blades
 10227 | Bailey   | Entered a bailey
 10485 | Bailey   | Noticed an orc knight
 10489 | Bailey   | Killed an orc knight
 10536 | Bailey   | HP: 2/78 [electric eel/bolt of electricity (12)]
 10881 | Bailey   | Noticed an orc knight
 10906 | Bailey   | Killed an orc knight
 11123 | Bailey   | Found an iron altar of Okawaru.
 11123 | Bailey   | Noticed an orc sorcerer
 11123 | Bailey   | Noticed an orc knight
 11124 | Bailey   | Noticed an orc sorcerer
 11127 | Bailey   | Paralysed by an orc sorcerer for 4 turns
 11322 | Bailey   | Paralysed by an orc sorcerer for 4 turns
 11323 | Bailey   | Killed an orc sorcerer
 11446 | Bailey   | Killed an orc sorcerer
 11756 | Bailey   | Noticed an orc knight
 11776 | Bailey   | Killed an orc knight
 11860 | Bailey   | Identified the +1 robe of Vorreu {Int+3}
 11985 | Bailey   | Killed an orc knight
 12584 | D:10     | Learned a level 1 spell: Beastly Appendage
 12607 | D:10     | Noticed a two-headed ogre
 12623 | D:10     | Killed a two-headed ogre
 12929 | D:11     | Noticed a two-headed ogre
 12930 | D:11     | Reached skill level 1 in Transmutations
 13061 | D:11     | Noticed a two-headed ogre
 13071 | D:11     | Killed a two-headed ogre
 13140 | D:11     | Reached XP level 12. HP: 67/87 MP: 15/15
 13165 | D:11     | Reached skill level 12 in Short Blades
 13746 | D:11     | Reached skill level 10 in Fighting
 13746 | D:11     | Reached skill level 5 in Shields
 13984 | D:11     | Noticed a two-headed ogre
 13989 | D:11     | Killed a two-headed ogre
 14167 | D:8      | Bought a +4 amulet of reflection for 405 gold pieces
 14167 | D:8      | Bought a cursed ring of protection from magic for 330 gold
                  | pieces
 14171 | D:8      | Gained mutation: Scrolls take you a little longer to read.
                  | [potion of mutation]
 14171 | D:8      | Gained mutation: You are partially covered in thin metallic
                  | scales. (AC +2) [potion of mutation]
 14327 | D:11     | Found a staircase to the Orcish Mines.
 14550 | D:11     | Found a roughly hewn altar of Beogh.
 14611 | D:11     | Found Yhufrad's Food Emporium.
 14847 | D:11     | Killed a two-headed ogre
 15528 | D:12     | Noticed a two-headed ogre
 15541 | D:12     | Killed a two-headed ogre
 15609 | D:12     | Noticed Fannar
 15622 | D:12     | Splashed by a brown ugly thing's acid

Vault maps used:
D:1:      giann_bridges
D:2:      overflow_temple_1_default, serial_co_window_serial, co_window_paths_b,
          co_window_paths_b, co_window_corner_a, co_window_paths_a,
          co_window_corner_a, co_window_of_opportunity_b, co_window_corner_ca,
          co_window_cross_2, co_window_broadway_c, co_window_broadway_b,
          co_window_broadway_b, glass_columns_c, glass_columns_c
D:3:      overflow_temple_1_default
D:4:      first_ration, uniq_grinder
D:5:      lemuel_crystal_altar, minmay_temple_entry_trees
D:7:      minmay_recursive_quarters, nicolae_overflow_crystal_walls,
          serial_shops, shop, nicolae_shop_crystal, shop,
          nicolae_shop_window_shopping, grunt_livestock
D:8:      gammafunk_jiyva_shrine, serial_shops, shop, ebering_ghost_rock_garden,
          uniq_maurice, uniq_erica
D:9:      erik_lair_orcish_takeover, st_stairs_11, lemuel_flamethrower_hall
D:10:     enter_bailey_6, serial_shops, shop_fountains,
          hellmonk_ghost_happy_afterlife
D:11:     minmay_orc_entry_temple_small, serial_shops, kennysheep_little_box,
          statue_in_the_mist_lemuel, minmay_misc_feat_square
D:12:     kennysheep_blocky_room, kennysheep_generic_room_4, uniq_fannar
Temple:   regret_index_temple_mists
Bailey:   bailey_axe_of_yendor_kennysheep, bailey

Skill      XL: |  1  2  3  4  5  6  7  8  9 10 11 12 |
---------------+-------------------------------------+-----
Stealth        | 1 2 3 4 5 6 8 |  8.0
Short Blades   | 3 5 6 8 9 10 11 12 | 12.0
Fighting       | 6 8 9 10 | 10.6
Shields        | 4 6 |  6.0
Spellcasting   | 1 2 |  2.6
Dodging        | 4 6 8 9 |  9.0
Evocations     | 1 4 |  4.0
Transmutations | 1 4 |  4.0

Action                   |  1- 3 |  4- 6 |  7- 9 | 10-12 || total
-------------------------+-------+-------+-------+-------++-------
Melee: Rapier            |    55 |   110 |   201 |   101 ||   467
       Constrict         |    14 |    26 |    29 |    81 ||   150
       Tentacles         |    10 |    17 |    48 |   160 ||   235
       Short sword       |       |       |       |   377 ||   377
       Kick              |       |       |       |    15 ||    15
 Fire: Blowgun           |       |       |       |    40 ||    40
Throw: Tomahawk          |       |       |       |     4 ||     4
 Cast: Beastly Appendage |       |       |       |     4 ||     4
  Use: Scroll            |       |     5 |     5 |     3 ||    13
       Potion            |       |       |     3 |     8 ||    11
 Stab: Sleeping          |    12 |    12 |    19 |    36 ||    79
       Distracted        |       |     1 |     4 |     4 ||     9
  Eat: Chunk             |     1 |     5 |       |       ||     6
       Ration            |       |     1 |     4 |     7 ||    12
Armor: Skin              |     1 |     3 |     9 |     5 ||    18
Dodge: Dodged            |    24 |    24 |    67 |   118 ||   233
Block: Shield            |    13 |    38 |    52 |   134 ||   237

Table legend:
 A = Non-vault XP
 B = Vault XP
 C = Vault XP percentage of total XP
 D = Non-vault monster count
 E = Vault monster count
 F = Vault count percentage of total count
                 A         B        C        D         E       F
            +---------+---------+-------+---------+---------+-------
      Total |   17060 |    9326 |  35.3 |     246 |      79 |  24.3
            +---------+---------+-------+---------+---------+-------
        D:1 |      22 |       0 |   0.0 |      15 |       0 |   0.0
        D:2 |      72 |       0 |   0.0 |      25 |       0 |   0.0
        D:3 |     143 |       0 |   0.0 |      31 |       0 |   0.0
        D:4 |     517 |     277 |  34.9 |      19 |       1 |   5.0
        D:5 |     461 |       0 |   0.0 |      14 |       0 |   0.0
        D:6 |     213 |       0 |   0.0 |       4 |       0 |   0.0
        D:7 |    1118 |    1283 |  53.4 |      27 |      10 |  27.0
        D:8 |     925 |    1378 |  59.8 |      21 |       2 |   8.7
        D:9 |    1780 |     752 |  29.7 |      25 |       9 |  26.5
       D:10 |    2530 |       0 |   0.0 |      24 |       0 |   0.0
       D:11 |    7124 |     322 |   4.3 |      26 |      11 |  29.7
       D:12 |    2155 |     437 |  16.9 |      15 |       2 |  11.8
     Bailey |       0 |    4877 | 100.0 |       0 |      44 | 100.0
            +---------+---------+-------+---------+---------+-------
